AoeStats
← Pillage The Village

Enclosed

504335071Analyzed
1v1 RM · 27d ago on Sep 4, 2026· 48m 34s· 2 players
Game mode
Random Map
Map size
Tiny (2 player)
Population
200
Speed
Normal
Resources
Standard
Victory
Conquest
Starting age
Dark Age
Ending age
Imperial Age
RankedLock teamsTeams togetherTeam positionsShared explorationLock speedFull tech treeHidden civsTurbo modeCheats
Victory
Defeat
🇧🇪 Mongols · Belgium
1438
+14
🇬🇧 Sicilians · United Kingdom
1396
-14
Enderman
7:09 Loom
9:39 Feudal Age
13:32 Fletching
13:40 Double-Bit Axe
13:35 Horse Collar
18:33 Wheelbarrow
23:06 Castle Age
23:26 Forging
24:44 Scale Mail Armor
26:13 Hand Cart
26:11 Town Watch
28:28 Padded Archer Armor
29:42 Padded Archer Armor
30:13 Bodkin Arrow
35:49 First Crusade
36:13 Chain Mail Armor
37:44 Iron Casting
40:49 Imperial Age
40:47 Padded Archer Armor
40:59 Elite Serjeant
41:49 Padded Archer Armor
42:36 Plate Mail Armor
43:12 Blast Furnace
42:56 Sappers
46:23 Padded Archer Armor
Pillage The Village
6:52 Loom
9:08 Feudal Age
18:16 Double-Bit Axe
19:35 Wheelbarrow
22:00 Castle Age
20:25 Gold Mining
20:25 Horse Collar
22:44 Forging
23:15 Bow Saw
22:37 Light Cavalry
30:21 Heavy Plow
32:48 Husbandry
32:58 Bloodlines
35:04 Iron Casting
34:20 Fletching
37:22 Imperial Age
35:26 Guard Tower
36:14 Ballistics
37:40 Scale Barding Armor
38:43 Elite Steppe Lancer
44:09 Chain Barding Armor
44:50 Hussar
45:53 Bodkin Arrow
47:36 Blast Furnace
48:42 Bracer
Connection lost

Rejoining the realm…

Still unreachable

The connection could not be restored.

Session expired

The server has moved on; the page needs a fresh start.